 Dungeon Crawl Stone Soup version 0.31-a0-145-g046c7d2549 (webtiles) character file.

Game seed: 11326105695391314166

87 qw the Shooter (level 4, -3/38 HPs)
             Began as a Minotaur Hunter on June 7, 2023.
             Slain by a gnoll
             ... wielding a +0 flail
             ... led by a gnoll bouda
              (10 damage)
             ... on level 4 of the Dungeon.
             The game lasted 00:00:53 (2989 turns).

qw the Shooter (Minotaur Hunter)                    Turns: 2989, Time: 00:00:54

Health: -3/38      AC:  5    Str: 16    XL:     4   Next: 28%
Magic:  3/3        EV:  6    Int:  6    God:
Gold:   188        SH:  0    Dex: 15    Spells: 3/3 levels left

rFire   . . .        Y - +0 shortbow
rCold   . . .        (shield currently unavailable)
rNeg    . . .        b - +0 ring mail
rPois   .            (helmet restricted)
rElec   .            (no cloak)
rCorr   .            (no gloves)
SInv    .            (no boots)
Will    .....        c - amulet of faith
Stlth   +            (no ring)
HPRegen 0.26/turn    (no ring)
MPRegen 0.08/turn

%: faith
@: held
A: horns 2, retaliatory headbutt
a: no special abilities


You were on level 4 of the Dungeon.
You visited 1 branch of the dungeon, and saw 4 of its levels.

You collected 188 gold pieces.


Innate Abilities, Weirdness & Mutations

You have a pair of horns on your head.
You reflexively headbutt those who attack you in melee.


   Skills:
 + Level 3.0 Fighting
 - Level 6.0 Ranged Weapons
 - Level 1.0 Armour
 - Level 2.1 Dodging
 - Level 0.7 Stealth


You had 3 spell levels left.
You didn't know any spells.
Your spell library was empty.

Inventory:

Hand Weapons
 Y - a +0 shortbow (weapon)
Armour
 b - a +0 ring mail (worn)
Jewellery
 c - an amulet of faith (around neck)
Scrolls
 a - a scroll of identify
Potions
 d - a potion of mutation
 g - a potion of heal wounds

Dungeon Overview and Level Annotations

Branches:
Dungeon (4/15)
 Temple: D:4-7

Altars:
Nemelex Xobeh
Wu Jian

Annotations:
D:3 1 runed translucent door, Crazy Yiuf


Message History

What level of the Dungeon? (default 1, ? - help)
You see here a +0 hammer.
You see here a +0 hammer.
There is a stone staircase leading down here.
You climb downwards.
There is a stone staircase leading up, spattered with blood here.
A gnoll comes into view. It is wielding a +0 flail.
You shoot an arrow. The arrow closely misses the gnoll.
The gnoll shouts!
You hear a shout! x2
You shoot an arrow. The arrow hits the gnoll.
The gnoll is moderately wounded.
A gnoll comes into view. It is wielding a +0 flail.
You shoot an arrow.
The arrow hits the gnoll but does no damage.
The gnoll is moderately wounded.
A gnoll comes into view. It is wielding a +0 halberd.
You shoot an arrow. The gnoll shouts!
The arrow hits the gnoll.
The gnoll is heavily wounded.
You shoot an arrow.
The arrow hits the gnoll but does no damage.
The gnoll is heavily wounded.
The gnoll completely misses you.
You shoot an arrow. The arrow hits the gnoll.
The gnoll is severely wounded.
The gnoll hits you with a +0 flail!
You shoot an arrow. The arrow closely misses the gnoll.
The gnoll hits you with a +0 flail. The gnoll closely misses you.
You shoot an arrow. The arrow hits the gnoll.
The gnoll is almost dead.
The gnoll closely misses you. The gnoll hits you with a +0 flail. x2
You shoot an arrow. The arrow hits the gnoll!
You kill the gnoll!
The gnoll hits you with a +0 flail!
The gnoll throws a throwing net.
The throwing net hits you.
You become entangled in the net!
The gnoll hits you from afar with a +0 halberd.
The gnoll hits you with a +0 flail!
You die...

#. .# #../#
###..=< . #...#.#
..###.#.#.#
........#.#
..~._.~.g.#
........)g#######
#####).@........
#..#.######
#..#.#
...#####..#.#
............#
##........###
#########.#
.......<..#
###########


You could see 2 gnolls.

Vanquished Creatures
  5 gnolls
  A worm (D:4)
  An orc (D:3)
  6 bats
  An endoplasm (D:1)
  3 giant cockroaches
  7 goblins
  3 hobgoblins
  2 jackals (D:1)
  A kobold (D:2)
  4 quokkas (D:1)
  2 ball pythons
  3 frilled lizards
  3 rats
42 creatures vanquished.

Notes
Turn   | Place    | Note
-------+----------+-------------------------------------------
     0 | D:1      | qw the Minotaur Hunter began the quest for the Orb.
     0 | D:1      | Reached XP level 1. HP: 18/18 MP: 0/0
     0 | D:1      | 0 ||| qw: Version: 0.2-a-117-gc6b5c8b
     0 | D:1      | 0 ||| qw: Game counter: 2490
     0 | D:1      | 0 ||| qw: Always use a shield: true
     0 | D:1      | 0 ||| qw: God list: Okawaru
     0 | D:1      | 0 ||| qw: Allow faded altars: false
     0 | D:1      | 0 ||| qw: Do Orc after D:15 true
     0 | D:1      | 0 ||| qw: Do second Lair branch before Depths: true
     0 | D:1      | 0 ||| qw: Lair rune preference: random
     0 | D:1      | 0 ||| qw: Plans: Normal
     0 | D:1      | 0 ||| PLANNING D:1-11
    89 | D:1      | Found a faded altar of an unknown god.
    89 | D:1      | Noticed a reaper
    92 | D:1      | 92 ||| DROPPING scroll of butterflies.
   128 | D:1      | Reached XP level 2. HP: 15/25 MP: 1/1
   153 | D:1      | 153 ||| FLEEEEING.
   159 | D:1      | Reached skill level 5 in Ranged Weapons
   440 | D:1      | Reached skill level 3 in Fighting
   730 | D:1      | 730 ||| UPGRADING to +0 ring mail.
   740 | D:1      | 740 ||| DROPPING +0 leather armour.
   741 | D:1      | 741 ||| READING scroll labelled SIEDAM UCHEATZ.
   742 | D:1      | 742 ||| READING scroll labelled HUFUNASE EQIOM.
  1317 | D:2      | Reached XP level 3. HP: 29/31 MP: 2/2
  1410 | D:2      | Reached skill level 1 in Armour
  1601 | D:2      | 1601 ||| DROPPING +6 ring of intelligence.
  1602 | D:2      | 1602 ||| READING 2 scrolls labelled OZYZEF EKYRY.
  1603 | D:2      | 1603 ||| READING scroll labelled HOEWNUACAE.
  1665 | D:3      | 1665 ||| FLEEEEING.
  1671 | D:3      | 1671 ||| STAIRDANCE
  1892 | D:3      | Found a sparkling altar of Nemelex Xobeh.
  2047 | D:3      | Found a runed translucent door.
  2048 | D:3      | Noticed Crazy Yiuf
  2430 | D:3      | Reached XP level 4. HP: 38/38 MP: 3/3
  2579 | D:3      | 2579 ||| UPGRADING to amulet of faith.
  2584 | D:3      | 2584 ||| READING scroll labelled HUERINOCVO.
  2585 | D:3      | 2585 ||| READING scroll labelled GEORAM OMOSSU.
  2613 | D:3      | 2613 ||| READING scroll labelled KEYNE AWE IFU.
  2614 | D:3      | 2614 ||| READING 2 scrolls of identify.
  2614 | D:3      | 2614 ||| IDENTIFYING bubbling ruby potion
  2652 | D:4      | Found an ornate altar of the Wu Jian Council.
  2713 | D:4      | 2713 ||| FLEEEEING.
  2714 | D:4      | 2714 ||| FLEEEEING.
  2715 | D:4      | 2715 ||| FLEEEEING.
  2716 | D:4      | 2716 ||| FLEEEEING.
  2717 | D:4      | 2717 ||| FLEEEEING.
  2718 | D:4      | 2718 ||| FLEEEEING.
  2719 | D:4      | 2719 ||| FLEEEEING.
  2720 | D:4      | 2720 ||| FLEEEEING.
  2722 | D:4      | 2722 ||| STAIRDANCE
  2801 | D:4      | 2801 ||| STAIRDANCE
  2807 | D:3      | Reached skill level 6 in Ranged Weapons
  2989 | D:4      | HP: 7/38 [gnoll/+0 halberd[a gnoll bouda] (5)]
  2989 | D:4      | Slain by a gnoll

Levels and vault maps discovered:
D:1:      dpeg_arrival_ternary, layout_basic,
          dreamdust_ecumenical_altar_sealed_demon
D:2:      layout_loops_corners
D:3:      layout_loops_ring, lemuel_doored_altar, serial_bayou,
          serial_bayou_pond_e, serial_bayou_pond_a, serial_bayou_crossing,
          serial_bayou_ford_a, grunt_ministairs_1, uniq_crazy_yiuf_cottage
D:4:      layout_loops_ring, mainiacjoe_overflow_tiny_flanked, vehumet_statue,
          uniq_menkaure

Skill      XL: |  1  2  3  4 |
---------------+-------------+-----
Ranged Weapons | 5 6 |  6.0
Fighting       | 3 |  3.0
Armour         | 1 |  1.0
Dodging        | |  2.1
Stealth        | |  0.7

Action                     |  1- 3 |  4- 6 || total
---------------------------+-------+-------++-------
   Fire: Shortbow          |   135 |    29 ||   164
    Use: Scroll            |     4 |     4 ||     8
 Armour: Leather armour    |     2 |       ||     2
         Ring mail         |    16 |       ||    16
  Dodge: Dodged            |    42 |     8 ||    50

Table legend:
 A = Non-vault XP
 B = Vault XP
 C = Vault XP percentage of total XP
 D = Non-vault monster count
 E = Vault monster count
 F = Vault count percentage of total count
                 A         B        C        D         E       F
            +---------+---------+-------+---------+---------+-------
      Total |     137 |       2 |   1.4 |      41 |       1 |   2.4
            +---------+---------+-------+---------+---------+-------
        D:1 |      36 |       0 |   0.0 |      20 |       0 |   0.0
        D:2 |      13 |       0 |   0.0 |       8 |       0 |   0.0
        D:3 |      67 |       2 |   2.9 |      10 |       1 |   9.1
        D:4 |      21 |       0 |   0.0 |       3 |       0 |   0.0
            +---------+---------+-------+---------+---------+-------
